Map: King's Cove LE

Players

A.I. 1 (Elite)

  • Race: Protoss Protoss
  • Spawn Location: 5:00

A.I. 2 (Elite)

  • Race: Protoss Protoss
  • Spawn Location: 11:00

VOD

Have the link to the VOD?

Description

Time

  • Played on: Feb. 6, 2019, 11:20 p.m.
  • Length: 21:25
Show
View Real Time Build Order
Export as new Build Order

A.I. 1 (Elite) Protoss 

Build Orders: Zealot Archon 

Get SALT Encoding   

  12  0:01  Probe  
  13  0:13  Probe  
  14  0:21  Pylon  
  14  0:25  Probe  
  15  0:35  Probe  
  16  0:43  Probe  
  16  0:49  Assimilator  
  17  0:52  Gateway, Probe  
  18  1:00  Probe  
  18  1:03  Pylon  
  18  1:08  Probe  
  20  1:20  Probe  
  21  1:39  Zealot  
  21  1:40  Gateway  
  21  1:42  Probe  
  21  1:44  Cybernetics Core  
  24  1:52  Pylon  
  25  1:54  Probe  
  25  1:59  Zealot  
  25  2:06  Probe  
  28  2:19  Gateway  
  28  2:20  Warp Gate  
  28  2:26  Adept  
  28  2:28  Adept  
  32  2:38  Pylon, Probe  
  33  2:50  Probe  
  33  2:51  Adept  
  34  2:56  Adept  
  38  3:06  Adept  
  38  3:08  Pylon  
  38  3:10  Probe  
  41  3:15  Assimilator  
  41  3:18  Adept  
  41  3:26  Adept  
  45  3:36  Adept  
  45  3:41  Twilight Council  
  47  4:02  Pylon  
  47  4:16  Zealot  
  43  4:19  Templar Archives  
  43  4:29  Zealot  
  39  4:52  Zealot  
  41  4:56  High Templar  
  43  5:00  Nexus  
  43  5:06  High Templar  
  45  5:13  Archon  
  43  5:34  High Templar  
  45  5:45  Forge  
  45  5:54  Forge  
  45  6:02  High Templar  
  47  6:09  Archon  
  47  6:10  Probe  
  47  6:13  Probe  
  49  6:18  Probe  
  49  6:20  Assimilator  
  49  6:22  Assimilator  
  49  6:25  Probe  
  51  6:28  Nexus, Probe  
  51  6:31  High Templar  
  54  6:37  Probe  
  55  6:40  Probe  
  56  6:49  Probe  
  56  6:52  Probe  
  58  6:54  High Templar  
  58  6:58  Stalker  
  62  7:01  Probe  
  62  7:04  Stalker, Probe  
  66  7:14  Archon, Probe  
  67  7:16  Probe  
  67  7:19  Pylon  
  67  7:21  Stalker  
  70  7:22  High Templar  
  70  7:26  Probe  
  73  7:35  High Templar  
  75  7:37  Probe  
  75  7:38  Probe  
  75  7:40  Probe  
  75  7:42  Pylon  
  78  7:45  Stalker  
  78  7:49  Probe  
  78  7:50  Sentry, Probe  
  84  7:52  Assimilator, Probe  
  84  7:54  Archon, Assimilator  
  85  8:01  Probe  
  85  8:02  Probe  
  85  8:04  High Templar, Probe  
  90  8:13  Probe x2  
  90  8:16  Probe  
  90  8:19  High Templar  
  95  8:22  Probe  
  95  8:25  Probe  
  97  8:28  Probe  
  97  8:30  Probe  
  97  8:31  Robotics Facility  
  97  8:33  Archon  
  98  8:34  Pylon  
  98  8:35  Stalker  
  98  8:37  Probe x2, Pylon  
  98  8:38  Stalker  
  105  8:42  Probe  
  105  8:47  Protoss Ground Weapons Level 1  
  106  8:49  Probe  
  106  8:51  Stalker  
  106  8:52  Probe  
  106  8:53  Protoss Ground Armor Level 1, Pylon  
  106  8:54  Probe  
  111  8:58  Stalker  
  111  8:59  Probe  
  111  9:01  Sentry  
  116  9:06  Probe  
  116  9:08  Probe  
  116  9:09  Photon Cannon  
  118  9:12  Probe  
  118  9:14  Stalker  
  118  9:15  Pylon  
  121  9:18  Probe  
  121  9:19  Observer  
  121  9:20  Probe  
  121  9:21  Stalker  
  121  9:23  Stalker  
  121  9:24  Probe  
  129  9:25  Blink  
  129  9:30  Pylon  
  129  9:33  Photon Cannon  
  129  9:36  Pylon  
  129  9:37  Stalker  
  131  9:39  Sentry  
  131  9:40  Immortal  
  137  9:50  Photon Cannon  
  137  9:52  Gateway  
  137  9:54  Photon Cannon  
  137  9:57  Pylon  
  137  9:58  Zealot  
  139  10:00  Zealot  
  141  10:19  Immortal  
  141  10:20  Pylon  
  139  10:23  Adept, Photon Cannon  
  139  10:28  Stalker, Adept  
  129  10:37  Sentry  
  123  10:42  Photon Cannon  
  123  10:46  Stalker  
  123  10:48  Adept  
  123  10:49  Photon Cannon  
  123  10:50  Nexus  
  123  10:51  Stalker  
  123  10:53  Protoss Ground Weapons Level 2  
  123  10:56  High Templar  
  121  10:58  Immortal  
  121  11:01  Sentry  
  121  11:04  Psionic Storm  
  125  11:09  High Templar  
  127  11:14  Zealot  
  127  11:15  Photon Cannon  
  129  11:19  Robotics Bay  
  129  11:22  Archon  
  129  11:24  Zealot  
  131  11:29  Robotics Facility  
  131  11:33  Photon Cannon  
  131  11:37  Adept  
  131  11:38  Observer  
  134  11:48  Warp Prism  
  133  11:54  Pylon  
  133  11:58  Pylon  
  135  12:02  Pylon  
  135  12:03  Probe  
  136  12:09  Assimilator  
  136  12:14  Warp Prism  
  136  12:15  Pylon, Disruptor  
  136  12:19  Photon Cannon  
  136  12:21  Assimilator  
  139  12:24  Gateway, Nexus  
  141  12:31  Pylon  
  141  12:32  Zealot x4  
  149  12:39  Stargate  
  149  12:41  Forge  
  149  12:45  Charge  
  149  12:50  Robotics Facility, Colossus  
  155  12:51  Disruptor  
  155  12:52  Gravitic Boosters, Zealot  
  160  13:02  Photon Cannon  
  160  13:07  Stalker  
  160  13:11  Protoss Ground Weapons Level 3  
  162  13:23  Observer  
  162  13:24  Immortal  
  163  13:36  Disruptor  
  163  13:39  Stalker x2  
  163  13:40  Stalker, Adept  
  175  13:43  Colossus  
  184  13:51  Pylon  
  184  13:54  Zealot  
  184  13:57  Archon  
  184  13:59  Probe  
  184  14:00  Probe  
  184  14:01  Zealot  
  184  14:02  Probe  
  173  14:04  Immortal, Probe  
  173  14:09  Photon Cannon  
  173  14:11  Archon  
  173  14:13  Nexus  
  162  14:19  Probe  
  162  14:22  Probe  
  155  14:25  Probe  
  155  14:26  Stalker  
  155  14:30  Stalker  
  155  14:34  Stalker  
  155  14:36  Observer  
  155  14:37  Disruptor  
  155  14:41  Pylon  
  155  14:43  Stalker  
  152  14:46  Zealot  
  152  14:50  Zealot  
  156  14:54  Colossus  
  156  14:56  Zealot  
  156  14:57  Probe  
  152  15:00  Stalker  
  152  15:05  Zealot  
  152  15:06  Stalker  
  152  15:10  Zealot  
  152  15:12  Nexus, Protoss Ground Armor Level 2  
  154  15:14  Zealot  
  154  15:18  Zealot  
  158  15:23  Zealot  
  160  15:29  Observer, Zealot  
  160  15:31  Zealot  
  160  15:33  Zealot  
  167  15:43  Warp Prism  
  167  15:48  Colossus  
  173  15:56  Pylon  
  175  15:59  Zealot  
  175  16:01  Zealot  
  175  16:03  Zealot  
  181  16:05  Zealot  
  181  16:11  Stalker  
  181  16:13  Pylon  
  181  16:16  Warp Prism  
  181  16:18  Zealot  
  159  16:21  Zealot  
  159  16:22  Zealot  
  159  16:23  Photon Cannon  
  153  16:26  Stalker  
  153  16:27  Gateway, Extended Thermal Lance  
  151  16:34  Sentry  
  151  16:37  Photon Cannon  
  151  16:38  Adept  
  153  16:41  Stalker, Photon Cannon, Colossus  
  153  16:43  Pylon, Zealot  
  161  16:48  Stalker  
  161  16:49  Photon Cannon  
  161  16:51  Photon Cannon  
  163  16:56  Pylon  
  163  17:09  Stalker x2  
  163  17:10  Stalker x2  
  163  17:12  Stargate  
  163  17:15  Photon Cannon  
  171  17:21  Nexus  
  171  17:27  Photon Cannon, Colossus  
  171  17:30  Disruptor  
  171  17:31  Robotics Facility  
  180  17:45  Adept  
  182  17:55  Sentry  
  182  17:57  Sentry  
  186  18:00  Photon Cannon  
  186  18:02  Stalker x2, Gravitic Drive, Protoss Ground Armor Level 3  
  186  18:04  Stalker  
  192  18:05  Disruptor  
  195  18:15  Stalker  
  195  18:17  Forge  
  195  18:18  Protoss Shields Level 1  
  195  18:19  Stalker  
  199  18:34  Photon Cannon  
  199  18:43  Nexus, Pylon  
  199  18:44  Zealot x2  
  199  18:45  Zealot  
  199  18:46  Zealot x2  
  191  18:48  Zealot  
  191  18:52  Photon Cannon  
  173  18:56  Observer  
  173  18:57  Zealot  
  173  19:00  Photon Cannon  
  163  19:04  Zealot  
  163  19:05  Photon Cannon, Zealot  
  163  19:06  Stalker  
  163  19:07  Adept  
  163  19:08  Stalker, Photon Cannon  
  169  19:11  Adept, Pylon  
  169  19:16  Immortal  
  161  19:20  Immortal  
  163  19:24  Stalker, Sentry  
  163  19:26  Sentry  
  163  19:27  Stalker  
  163  19:29  Adept  
  177  19:31  Stalker  
  177  19:37  Photon Cannon  
  179  19:39  Photon Cannon  
  179  19:40  Colossus  
  179  19:42  Adept  
  179  19:43  Adept  
  181  19:46  Stalker  
  181  19:49  Sentry  
  181  19:50  Sentry  
  191  19:54  Disruptor  
  191  19:55  Zealot  
  191  19:57  Stalker  
  196  20:02  Stalker x2  
  196  20:06  Pylon  
  198  20:08  Stalker  
  200  20:14  Stalker  
  200  20:28  Photon Cannon  
  200  20:32  Pylon  
  200  20:47  Photon Cannon  
  200  20:57  Photon Cannon  
  200  21:00  Photon Cannon  
  200  21:04  Photon Cannon  
  200  21:09  Assimilator  
  200  21:11  Assimilator  
  200  21:12  Assimilator  
  200  21:15  Assimilator  
  200  21:18  Assimilator  
  200  21:19  Assimilator  
  200  21:21  Assimilator  
Show
View Real Time Build Order
Export as new Build Order

A.I. 2 (Elite) Protoss 

Build Orders: Zealot Archon 

Get SALT Encoding   

  12  0:00  Probe  
  13  0:13  Probe  
  14  0:21  Pylon  
  14  0:25  Probe  
  15  0:35  Probe  
  16  0:43  Probe  
  16  0:49  Assimilator  
  17  0:52  Gateway, Probe  
  18  1:00  Probe  
  18  1:02  Pylon  
  18  1:08  Probe  
  20  1:20  Probe  
  21  1:32  Probe  
  22  1:39  Zealot  
  22  1:44  Probe  
  25  1:51  Nexus  
  25  2:02  Cybernetics Core  
  25  2:05  Probe  
  26  2:17  Probe  
  27  2:29  Probe  
  28  2:30  Warp Gate, Pylon  
  28  2:38  Stalker  
  28  2:41  Probe  
  31  2:49  Gateway  
  31  2:51  Assimilator  
  31  2:53  Probe  
  32  3:00  Adept  
  32  3:06  Pylon  
  32  3:07  Probe  
  35  3:20  Probe  
  35  3:21  Gateway  
  36  3:28  Probe  
  36  3:30  Adept  
  39  3:35  Adept  
  39  3:36  Probe  
  39  3:40  Probe  
  43  3:48  Probe  
  44  3:52  Probe  
  43  3:55  Stalker  
  43  4:00  Adept  
  41  4:07  Zealot  
  41  4:09  Probe  
  30  4:26  Probe x2  
  28  4:33  Adept  
  28  4:38  Probe x2, Zealot  
  34  4:50  Probe x2  
  36  5:01  Probe  
  36  5:02  Probe  
  36  5:03  Twilight Council  
  38  5:09  Probe  
  39  5:15  Probe  
  40  5:32  Stalker  
  42  5:37  Probe  
  42  5:40  Probe  
  42  5:41  Stalker  
  46  5:44  Templar Archives  
  47  5:50  Probe  
  47  5:51  Stalker  
  47  5:52  Probe  
  50  6:02  Probe x2  
  52  6:07  Pylon  
  52  6:10  Sentry, Zealot  
  56  6:11  Probe  
  56  6:14  Probe  
  58  6:20  High Templar  
  58  6:23  Assimilator, Probe  
  60  6:26  Probe  
  60  6:27  Pylon  
  60  6:28  Stalker  
  60  6:31  High Templar  
  66  6:35  Probe  
  66  6:36  Assimilator  
  66  6:38  Probe  
  68  6:40  Archon  
  68  6:46  Pylon  
  68  6:47  Stalker  
  68  6:50  Probe  
  68  6:51  Probe  
  72  6:55  High Templar  
  74  7:02  Probe x2  
  74  7:07  Pylon  
  76  7:11  High Templar  
  76  7:12  Probe  
  76  7:14  Probe  
  79  7:20  Probe  
  80  7:23  Robotics Facility  
  80  7:24  Archon  
  80  7:26  Probe  
  80  7:28  Forge  
  82  7:31  Pylon  
  82  7:32  Probe  
  82  7:33  Nexus  
  82  7:34  High Templar  
  85  7:39  Probe  
  86  7:48  High Templar  
  88  7:55  Forge  
  88  8:00  Stalker  
  88  8:01  Archon  
  90  8:07  High Templar, Pylon  
  92  8:14  Observer  
  93  8:24  Pylon  
  93  8:28  High Templar  
  93  8:30  Pylon  
  93  8:32  Stalker  
  97  8:40  Archon  
  97  8:46  Photon Cannon, Probe  
  97  8:47  High Templar, Probe x2  
  102  8:57  Assimilator  
  102  8:58  Photon Cannon, Probe  
  102  8:59  Probe x2  
  102  9:00  Assimilator  
  102  9:01  High Templar  
  107  9:04  Gateway  
  107  9:08  Probe  
  107  9:11  Photon Cannon, Probe x2, Sentry  
  107  9:16  Archon, Probe  
  112  9:18  Protoss Ground Armor Level 1, Pylon  
  112  9:20  Protoss Ground Weapons Level 1  
  112  9:21  Probe  
  112  9:23  Probe  
  115  9:25  Probe  
  115  9:29  Probe  
  115  9:31  Stalker  
  118  9:34  Stalker, Zealot  
  118  9:37  Probe x2  
  118  9:38  Probe  
  125  9:41  Photon Cannon  
  125  9:43  Pylon  
  125  9:44  Immortal  
  130  9:49  Probe  
  130  9:52  Zealot  
  133  9:54  Stalker  
  135  10:02  Zealot  
  137  10:07  Pylon  
  137  10:09  Stalker  
  139  10:17  Stalker  
  139  10:18  Zealot  
  132  10:21  Probe  
  132  10:22  Stalker  
  132  10:23  Immortal  
  113  10:32  High Templar  
  105  10:35  Adept  
  105  10:41  High Templar  
  97  10:46  Zealot  
  97  10:49  Adept  
  85  11:00  Immortal, Zealot  
  88  11:04  Stalker  
  88  11:08  Adept  
  88  11:11  Photon Cannon  
  88  11:13  Stalker  
  88  11:16  Pylon, Zealot  
  92  11:27  Zealot  
  92  11:28  High Templar  
  92  11:30  Sentry  
  92  11:31  Immortal  
  98  11:36  High Templar  
  98  11:37  Photon Cannon  
  98  11:39  Photon Cannon  
  104  11:44  Gateway  
  104  11:45  Psionic Storm  
  104  11:47  Stalker  
  104  11:48  Sentry  
  104  11:53  Nexus  
  108  11:54  Archon  
  108  12:01  High Templar  
  110  12:06  Stalker  
  112  12:08  High Templar  
  112  12:10  Warp Prism, Photon Cannon  
  112  12:12  Archon, Adept  
  118  12:25  High Templar  
  120  12:30  High Templar  
  120  12:33  Stalker  
  120  12:34  Archon  
  124  12:38  High Templar, Photon Cannon  
  124  12:43  Gateway  
  126  12:45  High Templar  
  126  12:46  Warp Prism  
  130  12:54  Archon  
  130  12:55  Stalker  
  130  12:57  Zealot  
  130  12:58  High Templar  
  136  13:01  Probe  
  137  13:10  High Templar  
  137  13:11  Immortal  
  139  13:16  Stalker  
  139  13:19  Stalker  
  143  13:20  Nexus, Assimilator  
  143  13:22  Stalker  
  143  13:24  Pylon  
  143  13:26  Assimilator  
  149  13:30  Stalker  
  151  13:37  Zealot  
  151  13:39  Zealot  
  151  13:40  Stalker  
  157  13:42  Sentry  
  157  13:45  Immortal, Stalker  
  157  13:47  Photon Cannon  
  161  13:53  Pylon  
  165  13:58  Zealot  
  165  13:59  Probe, Zealot  
  165  14:00  Zealot  
  165  14:01  Zealot  
  165  14:02  Probe  
  161  14:05  Zealot  
  161  14:07  Probe  
  161  14:08  Adept  
  161  14:09  Pylon  
  161  14:15  Zealot  
  154  14:19  Stalker, Zealot  
  154  14:21  Zealot  
  154  14:22  Probe  
  154  14:23  Probe  
  144  14:24  Probe, Observer  
  144  14:30  Stalker  
  141  14:34  Probe x2  
  141  14:36  Probe  
  141  14:37  Probe  
  145  14:41  Assimilator  
  145  14:43  Stalker  
  145  14:44  Sentry  
  153  14:45  Immortal  
  153  14:46  Probe  
  153  14:48  Zealot  
  153  14:51  Zealot  
  158  14:54  Zealot  
  158  14:57  Zealot  
  148  15:02  Zealot  
  125  15:07  High Templar  
  125  15:08  Adept  
  125  15:09  Nexus  
  125  15:11  Sentry  
  131  15:14  Stalker  
  131  15:15  Immortal, High Templar  
  131  15:17  Zealot  
  137  15:21  Archon  
  137  15:24  Assimilator  
  141  15:28  Zealot  
  141  15:31  Probe  
  141  15:34  Adept  
  145  15:37  Stalker, Zealot  
  145  15:39  Stalker, Protoss Ground Weapons Level 2  
  151  15:44  Zealot  
  151  15:45  Stalker  
  155  15:51  Charge  
  155  15:54  Zealot  
  157  15:57  High Templar, Zealot  
  157  16:00  High Templar, Observer  
  157  16:03  Sentry  
  164  16:08  Archon, Zealot  
  164  16:10  Pylon  
  163  16:14  High Templar  
  163  16:16  Probe  
  163  16:18  Stalker  
  145  16:21  Observer  
  145  16:24  High Templar  
  116  16:25  Zealot  
  116  16:28  Zealot  
  116  16:31  Probe  
  116  16:32  Zealot  
  97  16:35  Nexus  
  97  16:40  Assimilator  
  97  16:41  Zealot  
  97  16:42  Immortal  
  97  16:45  Archon  
  97  16:46  High Templar, Zealot  
  103  16:48  Adept  
  103  16:50  Adept  
  103  16:51  Probe  
  103  16:52  Zealot  
  109  17:01  Sentry x2  
  111  17:07  Zealot  
  115  17:08  Zealot  
  115  17:12  Assimilator  
  115  17:13  High Templar  
  115  17:14  Assimilator  
  119  17:18  Stalker, Archon  
  119  17:20  Zealot  
  119  17:22  Immortal  
  127  17:24  Stalker  
  127  17:27  High Templar  
  127  17:28  High Templar  
  133  17:40  Photon Cannon, Zealot  
  133  17:41  Sentry  
  133  17:43  Archon  
  137  17:44  Stalker  
  137  17:45  Zealot  
  141  17:53  Zealot  
  141  17:56  High Templar  
  145  18:00  High Templar, Zealot  
  145  18:01  Immortal  
  145  18:04  Zealot  
  155  18:05  Archon  
  155  18:06  Stalker  
  155  18:09  High Templar  
  159  18:20  Zealot  
  159  18:23  High Templar, Adept  
  159  18:24  Zealot  
  167  18:29  Archon  
  167  18:32  Protoss Ground Armor Level 2, Zealot  
  169  18:39  Zealot  
  169  18:40  Stalker, Immortal  
  177  18:41  Zealot  
  177  18:42  Pylon  
  177  18:45  Stalker  
  161  18:53  Adept  
  161  18:55  Zealot  
  128  18:56  High Templar, Zealot  
  128  18:58  High Templar  
  128  19:02  Probe  
  109  19:08  Stalker  
  109  19:09  Sentry  
  93  19:19  Immortal  
  93  19:22  High Templar  
  82  19:28  Zealot  
  82  19:30  High Templar  
  82  19:31  Stalker, Adept  
  66  19:36  Stalker  
  55  19:48  High Templar, Nexus  
  55  19:49  Immortal  
  55  19:51  Zealot  
  55  19:52  Pylon  
  55  20:04  Zealot  
  52  20:13  High Templar  
  52  20:14  Zealot  
  47  20:28  Zealot  
  39  20:39  High Templar  
  26  21:00  Nexus  
  24  21:08  High Templar  
  24  21:25  Cybernetics Core  
Tags
 
Add a new tag
Caveats
  • Supply blocks, unpowered buildings, or Contaminate may cause inaccurate times.
  • Supply counts are checked every 10 seconds.